 Dungeon Crawl Stone Soup version 0.18-a0-1677-g2bdad6c (webtiles) character file.

448 inmateoo the Gouger (level 6, -1/29 HPs)
             Began as a Felid Monk on Apr 2, 2016.
             Was a Believer of Yredelemnul.
             Shot with an arrow of flame by a centaur (2 damage)
             ... on level 7 of the Dungeon.
             The game lasted 00:09:08 (6783 turns).

inmateoo the Gouger (Felid Monk)                    Turns: 6783, Time: 00:09:09

Health: -1/29      AC:  2    Str:  6    XL:     6   Next: 73%
Magic:  10/10      EV: 22    Int: 12    God:    Yredelemnul [**....]
Gold:   159        SH:  0    Dex: 17    Spells: 1 memorised, 7 levels left
                                        Lives:  0   Deaths: 2

rFire  . . .     SeeInvis +       - Unarmed
rCold  . . .     Gourm    .     (armour unavailable)
rNeg   . . .     Faith    .     (shield unavailable)
rPois  .         Spirit   .     (helmet unavailable)
rElec  .         Dismiss  .     (cloak unavailable)
rCorr  .         Reflect  .     (gloves unavailable)
SustAt .         Harm     .     (boots unavailable)
MR     .....     Rnd*Rage +     (no amulet)
Stlth  ++++......               (no ring)
                                (no ring)

@: quick, not resistant to hostile enchantments, stealthy
A: no armour, no weapons or thrown items, antennae 1, claws 1, fangs 3, see
invisible, berserk 2, carnivore 3, clumsy 1, speed 1, shaggy fur 2, slow
metabolism 1, weak 1, sharp paws
a: Animate Remains, Recall Undead Slaves, Injury Mirror, Renounce Religion


You were on level 7 of the Dungeon.
You worshipped Yredelemnul.
Yredelemnul was pleased with you.
You were not hungry.

You visited 2 branches of the dungeon, and saw 8 of its levels.

You collected 159 gold pieces.

Inventory:

Scrolls
 j - 3 scrolls of teleportation
 k - 4 scrolls of fear
Potions
 b - a potion of invisibility {unknown}
 c - 3 potions of brilliance
 e - a potion of magic {unknown}
 g - a potion of berserk rage {unknown}
 h - 2 potions of curing
 m - a potion of heal wounds {unknown}
Books
 d - a book of Clouds

   Spells                             Type                      Level
   a - Mephitic Cloud                 Conjuration/Poison/Air       3
   b - Conjure Flame                  Conjuration/Fire             3
   c - Poisonous Cloud                Conjuration/Poison/Air       6
   d - Freezing Cloud                 Conjuration/Ice/Air          6
   e - Ring of Flames                 Charms/Fire                  7
Comestibles
 a - 4 meat rations
 f - a beef jerky


   Skills:
 + Level 4.6 Fighting
 + Level 6.2 Dodging
 + Level 5.5 Stealth
 * Level 8.4 Unarmed Combat
 + Level 2.6 Spellcasting


You had 7 spell levels left.
You knew the following spells:

 Your Spells              Type           Power        Failure   Level  Hunger
a - Conjure Flame         Conj/Fire      #.......     80%         3    ###....


Dungeon Overview and Level Annotations

Branches:
Dungeon (7/15)             Temple (1/1) D:7

Altars:
Ashenzari
Cheibriados
Dithmenos
Elyvilon
Gozag
Kikubaaqudgha
Nemelex Xobeh
Pakellas
Qazlal
Ru
Sif Muna
Yredelemnul
Zin

Shops:
D:4 *

Annotations:
D:3 Grinder; ShamefulDisplay's ghost, amateur DsWn
D:7 Pikel


Innate Abilities, Weirdness & Mutations

You cannot wear armour.
You are incapable of wielding weapons or throwing items.
You have sharp claws.
You have razor-sharp teeth.
You have supernaturally acute eyesight.
You are carnivorous and can eat meat at any time.
You cover ground quickly.
You are covered in thick fur (AC +2).
You have a slow metabolism.
Your sharp claws are effective at attacking unaware monsters.
You have a pair of small antennae on your head.
You often lose your temper in combat.
You are clumsy. (Dex -2)
You are weak. (Str -2)


Message History

The jackal barks! x3
You scratch the jackal.
The jackal is lightly wounded.
The jackal barely misses you.
An adder comes into view.
You barely miss the jackal.
The jackal is lightly wounded.
The jackal misses you.
You scratch the jackal.
The jackal is almost dead.
The jackal closely misses you.
You scratch the jackal.
You kill the jackal!
Yredelemnul accepts your kill. The jackal completely misses you.
The centaur shoots an arrow of flame.
The arrow of flame hits you!
* * * LOW HITPOINT WARNING * * *
The arrow of flame burns you.
You die...
Your body rises from the dead as a mindless zombie.

# #######.#.#. #.#
#.#.#. ###.### #.#... #
#.. ..# #.###. #. ###.#
#.# #.# #. ..##...# #.##
#.###. ###.>..c..###..#
#.....
.....##.#......########.
.....hh@((####..........
#######.#.# ###########
#.#.# # #S#.# # #.#.# #
#.#.# # ...a. # #.#.# #


You could see a centaur, an adder and 2 jackals.

Vanquished Creatures
  Eustachio (D:4)
  A sky beast (D:5)
  An orc warrior (D:7)
  3 slaves (D:4)
  A centaur (D:6)
  A giant frog (D:6)
  A scorpion (D:4)
  3 howler monkeys (D:7)
  2 crimson imps
  3 hounds
  A centaur skeleton (D:5)
  A jelly (D:6)
  An orc priest (D:7)
  Jessica (D:2)
  3 orc wizards
  3 worker ants
  A hound skeleton (D:6)
  9 adders
  2 shadow imps
  An ooze (D:1)
  4 worms
  7 giant geckos
  12 orcs
  5 bats
  3 giant cockroaches
  8 goblins
  10 hobgoblins
  9 jackals
  3 quokkas
  3 ball pythons
  7 giant newts
  A jackal skeleton (D:4)
  13 kobolds
  6 rats
131 creatures vanquished.

Notes
Turn   | Place    | Note
--------------------------------------------------------------
     0 | D:1      | inmateoo the Felid Monk began the quest for the Orb.
     0 | D:1      | Reached XP level 1. HP: 10/10 MP: 2/2
    44 | D:1      | Reached XP level 2. HP: 14/14 MP: 3/3
   862 | D:2      | Reached skill level 5 in Unarmed Combat
   871 | D:2      | Reached XP level 3. HP: 15/17 MP: 4/4
  1922 | D:2      | Found a deep blue altar of Sif Muna.
  2015 | D:2      | Noticed Jessica
  2022 | D:2      | Killed Jessica
  2022 | D:2      | Reached XP level 4. HP: 14/21 MP: 5/5
  2140 | D:2      | Reached skill level 6 in Unarmed Combat
  2379 | D:3      | Found a sacrificial altar of Ru.
  2450 | D:3      | Gained mutation: You are weak. (Str -2) [potion of mutation]
  2450 | D:3      | Gained mutation: You tend to lose your temper in combat. [potion of mutation]
  2450 | D:3      | Gained mutation: You have a pair of small antennae on your head. [potion of mutation]
  2475 | D:3      | Reached XP level 5. HP: 24/24 MP: 6/6
  2707 | D:3      | Noticed ShamefulDisplay's ghost (amateur DsWn)
  2837 | D:3      | Noticed Grinder
  3234 | D:4      | Noticed Eustachio
  3236 | D:4      | Killed Eustachio
  3236 | D:4      | Gained mutation: You are covered in thick fur (AC +2). [Felid growth]
  3236 | D:4      | Reached XP level 6. HP: 28/28 MP: 7/7
  3269 | D:4      | Reached skill level 7 in Unarmed Combat
  3326 | D:4      | Noticed Pikel
  3326 | D:4      | Noticed a slave
  3326 | D:4      | Noticed a slave
  3328 | D:4      | Noticed a slave
  3328 | D:4      | Noticed a slave
  3638 | D:4      | Killed a slave
  3970 | D:4      | Found Bekemoaq's General Store.
  4302 | D:4      | Killed a slave
  4321 | D:4      | Learned a level 3 spell: Conjure Flame
  4384 | D:4      | Killed a slave
  4759 | D:5      | Entered Level 5 of the Dungeon
  4770 | D:5      | Noticed a sky beast
  4787 | D:5      | Killed a sky beast
  4787 | D:5      | Reached skill level 5 in Dodging
  4787 | D:5      | Reached skill level 1 in Spellcasting
  4787 | D:5      | Reached XP level 7. HP: 14/31 MP: 7/9
  4818 | D:5      | Gained mutation: You are clumsy. (Dex -2) [mutagenic meat]
  4819 | D:5      | Gained mutation: You are robust (+10% HP). [mutagenic meat]
  4820 | D:5      | Lost mutation: You are robust (+10% HP). [mutagenic meat]
  4821 | D:5      | Gained mutation: You often lose your temper in combat. [mutagenic meat]
  5394 | D:6      | Found an opulent altar of Gozag.
  5821 | D:6      | HP: 1/32 [jelly (2)]
  5821 | D:6      | Splashed by a jelly's acid
  5822 | D:6      | Reached XP level 6. HP: -5/28 MP: 9/9
  5978 | D:6      | Found a sacrificial altar of Ru.
  6168 | D:7      | Reached skill level 8 in Unarmed Combat
  6168 | D:7      | Reached XP level 7. HP: 32/32 MP: 11/11
  6200 | D:7      | Found a staircase to the Ecumenical Temple.
  6213 | Temple   | Entered the Ecumenical Temple
  6305 | Temple   | Became a worshipper of Yredelemnul the Dark
  6305 | Temple   | Reached * piety under Yredelemnul
  6305 | Temple   | Reached ** piety under Yredelemnul
  6431 | D:7      | Reached skill level 5 in Stealth
  6743 | D:7      | Slain by Pikel
  6744 | D:7      | Reached XP level 6. HP: 0/29 MP: 10/10
  6783 | D:7      | HP: 1/29 [centaur/arrow of flame (10)]
  6783 | D:7      | Shot with an arrow of flame by a centaur

Vault maps used:
D:1:      minmay_arrival_three_doors, minmay_statues_item, columned_hall_lemuel
D:2:      led_sif_pool, uniq_jessica
D:3:      first_bread, nicolae_ru_great_annihilating_truth, uniq_grinder
D:4:      serial_shops, shop, uniq_eustachio, uniq_pikel
D:5:      kennysheep_mini, nicolae_tso_swordbearing_angel
D:6:      nicolae_overflow_hidden_temple, kennysheep_little_box
D:7:      minmay_temple_entry_junction
Temple:   hc_temple_tempest_star

Skill      XL: |  1  2  3  4  5  6  7 |
---------------+----------------------+-----
Unarmed Combat | 5 6 8 |  8.4
Stealth        | 3 5 |  5.5
Dodging        | 5 6 |  6.2
Spellcasting   | 2 |  2.6
Fighting       | 4 |  4.6

Action                   |  1- 3 |  4- 6 |  7- 9 || total
-------------------------+-------+-------+-------++-------
Melee: Unarmed           |    94 |   204 |   167 ||   465
  Use: Scroll            |     2 |     9 |     2 ||    13
       Potion            |     1 |     2 |     3 ||     6
 Stab: Sleeping          |    11 |    10 |     6 ||    27
       Distracted        |       |     3 |     1 ||     4
  Eat: Chunk             |     6 |     8 |    15 ||    29
